Map: Orbital Shipyard

Players

Ninkazi - Winner!

  • Race: Terran Terran
  • League: Master

uncommon - Winner!

  • Race: Terran Terran
  • League: Gold

A.I. 2 (Very Easy)

  • Race: Terran Terran

VOD

Have the link to the VOD?

Description

Time

  • Played on: March 27, 2016, 5:32 p.m.
  • Length: 6:16
Show
View Real Time Build Order
Export as new Build Order

Ninkazi Terran - Winner!

Build Orders: 1/1/1 

Get SALT Encoding   

  12  0:01  SCV  
  13  0:13  SCV  
  14  0:17  Supply Depot  
  14  0:25  SCV  
  14  0:27  Refinery  
  15  0:39  SCV  
  16  0:45  Barracks  
  16  0:51  SCV  
  17  1:03  SCV  
  18  1:15  SCV  
  19  1:31  Orbital Command  
  19  1:34  Factory  
  19  1:37  Refinery  
  19  1:43  Supply Depot  
  19  1:44  Marine  
  20  2:02  Marine  
  20  2:07  SCV  
  22  2:18  Factory Tech Lab, Starport  
  22  2:19  Marine  
  22  2:22  SCV  
  24  2:34  SCV  
  25  2:37  Marine  
  25  2:40  Supply Depot  
  26  2:46  SCV, Hellion  
  29  2:55  Marine  
  29  2:57  Supply Depot  
  29  2:58  SCV  
  31  3:02  Raven  
  33  3:07  Factory Reactor  
  33  3:10  SCV  
  34  3:13  Marine  
  35  3:22  SCV  
  36  3:32  Command Center  
  37  3:36  SCV  
  37  3:48  SCV  
  37  3:55  Medivac, Siege Tank  
  41  3:57  Marine  
  41  3:58  Supply Depot, Marine  
  41  4:00  SCV  
  46  4:12  SCV  
  47  4:20  Marine x2  
  49  4:25  Medivac  
  49  4:26  SCV  
  49  4:27  Siege Tank  
  55  4:44  SCV  
  56  4:46  Command Center  
  56  4:50  Orbital Command  
  56  4:56  SCV  
  56  4:59  Marine x2  
  59  5:08  SCV  
  59  5:09  Siege Tank  
  59  5:12  Medivac  
  65  5:20  SCV  
  66  5:23  SCV  
  66  5:25  Marine x2  
  69  5:32  SCV, Barracks  
  70  5:39  Barracks  
  70  5:58  SCV x2  
Show
View Real Time Build Order
Export as new Build Order

uncommon Terran - Winner!

Build Orders:  

Get SALT Encoding   

  12  0:00  SCV  
  13  0:13  SCV  
  14  0:19  Supply Depot  
  14  0:37  Refinery  
  14  0:46  Barracks  
  14  1:01  Supply Depot  
  14  1:11  Refinery  
  14  1:33  Orbital Command, Marine  
  15  1:52  Barracks Tech Lab  
  15  1:58  SCV  
  16  2:10  SCV  
  17  2:17  Marine  
  18  2:23  SCV  
  19  2:35  SCV  
  20  2:47  SCV  
  21  2:59  SCV  
  21  3:02  Marauder  
  24  5:44  Marine  
  24  5:47  SCV, Supply Depot  
  10  5:59  SCV  
Show
View Real Time Build Order
Export as new Build Order

A.I. 2 (Very Easy) Terran 

Build Orders:  

Get SALT Encoding   

Tags
 
Add a new tag
Caveats
  • Supply blocks, unpowered buildings, or Contaminate may cause inaccurate times.
  • Supply counts are checked every 10 seconds.